 Dungeon Crawl Stone Soup version 0.32-a0-732-ga344392067 (webtiles) character file.

Game seed: 13840047997685125033

86 jasper the Trooper (level 4, -3/55 HPs)
             Began as a Demonspawn Shapeshifter on Mar 16, 2024.
             Killed from afar by an orc wizard (10 damage)
             ... with a puff of flame
             ... on level 3 of the Dungeon.
             The game lasted 00:04:34 (2449 turns).

jasper the Trooper (Demonspawn Shapeshifter)        Turns: 2449, Time: 00:04:35

Health: -3/55      AC: 22    Str: 14    XL:     4   Next: 27%
Magic:  4/4        EV:  2    Int: 10    God:
Gold:   281        SH:  0    Dex: 15    Spells: 3/3 levels left

rFire   . .          .
                       - Unarmed
rCold   . . .        (no shield)
rNeg    . . .        g - melded +0 ring mail
rPois   +            (helmet currently unavailable)
rElec   .            o - melded +0 cloak
rCorr   .            (gloves currently unavailable)
SInv    .            (boots currently unavailable)
Will    .....        (no amulet)
Stlth   +            (no ring)
HPRegen 0.29/turn    (no ring)
MPRegen 0.09/turn

%: random rage (3%)
@: tree-form, hasted, very quick
A: stationary, stasis, torment immunity, boosted hp, (antennae 1), powered by
death 1, (hooves 1), berserk 1
a: Convert to Beogh


You were on level 3 of the Dungeon.
You were a tree.
You visited 1 branch of the dungeon, and saw 4 of its levels.

You collected 281 gold pieces.

Inventory:

Hand Weapons
 h - a +1 sling of draining
 m - a +0 dagger of venom
Missiles
 e - 25 stones (quivered)
 k - 8 poisoned darts
Armour
 a - a +0 animal skin
 g - a +0 ring mail (melded)
 i - a scarf of resistance
 o - a +0 cloak (melded)
Talismans
 c - a beast talisman
 d - a flux talisman
Wands
 q - a wand of roots (8)
Potions
 j - a potion of brilliance
 n - a potion of curing {unknown}
 p - a potion of cancellation {unknown}
 t - 2 potions of mutation


   Skills:
 + Level 4.2 Fighting
 - Level 1.7 Dodging
 - Level 2.6 Unarmed Combat
 - Level 2.6 Shapeshifting


You had 3 spell levels left.
You didn't know any spells.
Your spell library contained the following spells:

 Spells                   Type           Power      Damage    Failure   Level
 Kiss of Death            Conj/Necr      0%         2d5       36%         1
 Confusing Touch          Hex            0%         N/A       75%         3
 Dispel Undead            Necr           0%         3d6       98%         4


Dungeon Overview and Level Annotations

Branches:
Dungeon (4/15)
 Temple: D:4-7

Altars:


Innate Abilities, Weirdness & Mutations

You are a tree.
Your roots penetrate the ground, keeping you stationary.
You cannot be teleported.
You are immune to unholy pain and torment.
Your maximum health is greatly increased.
Your equipment is partially melded.
((You have a pair of small antennae on your head.))
You regenerate a little health from kills.
((You have large cloven feet.))
You sometimes lose your temper in combat.


Message History

You take 2 damage, and have 19/37 hp.
You feel less confused. Something hits you.
The orc priest calls down the wrath of Beogh upon you.
Beogh smites you!
* * * LOW HITPOINT WARNING * * *
You climb upwards.
Reactivating autopickup.
There is a stone staircase leading down here.
You take 13 damage, and have 6/37 hp.
MASSIVE DAMAGE!!
It was a potion of haste.
You feel yourself speed up.
The orc priest hits you with a +0 hand axe.
* * * LOW HITPOINT WARNING * * *
You take 2 damage, and have 4/37 hp.
Okay, then.
It was a potion of mutation.
You feel extremely strange.
You feel a little pissed off.
Your feet thicken and deform.
You turn into a tree.
Your +0 cloak melds into your body.
Your +0 ring mail melds into your body.
Your roots penetrate the ground.
The orc priest hits you but does no damage.
You hear some strange, mumbled words.
A puff of flame appears from out of thin air!
Deactivating autopickup; reactivate with Ctrl-A.
The puff of flame hits you but does no damage.
You now have 6/55 hp.
You are now empty-handed.
You closely miss the orc priest.
The orc priest looks braver for a moment.
You hear some strange, mumbled words.
Something tries to affect you, but you resist.
You hit the orc priest.
The orc priest is moderately wounded.
You hit the orc priest.
The orc priest threatens, "Beogh's wrath is as vast as their mercy.
Make your choice!"
The orc priest is severely wounded.
The orc priest hits you but does no damage.
You hear some strange, mumbled words.
A puff of flame appears from out of thin air!
The puff of flame hits you!
You die...

##############.
#..............
#[############. #.# #.
#.# #. #######.#######
#. #.............# #.
##.######.####.# #.
#..o{♣# #.# #.# #.
###..##o# #.# #.######.
#.....#.###.####........
#.#....................#
#.#.....###.#..#######.#
#.####.## #.#..#######.#
#.# #.# #.............
#.# #.# ###.#####.....
#.# #.# #.# #..#.#


You could see an orc priest and an orc.

Vanquished Creatures
  An adder (D:3)
  2 dart slugs (D:1)
  2 ribbon worms
  5 ball pythons
  8 endoplasms
  4 giant cockroaches
  6 goblins
  4 hobgoblins
  2 jackals (D:3)
  8 kobolds
  4 quokkas
  7 bats
  7 frilled lizards
  5 rats
65 creatures vanquished.

Notes
Turn   | Place    | Note
-------+----------+-------------------------------------------
     0 | D:1      | jasper the Demonspawn Shapeshifter began the quest for the
                  | Orb.
     0 | D:1      | Reached XP level 1. HP: 15/15 MP: 1/1
   253 | D:1      | Reached skill level 2 in Fighting
   320 | D:1      | Gained mutation: You regenerate a little health from kills.
                  | [demonic ancestry]
   320 | D:1      | Reached XP level 2. HP: 22/22 MP: 2/2
   917 | D:2      | Reached skill level 3 in Fighting
   917 | D:2      | Gained mutation: You have a pair of small antennae on your
                  | head. [demonic ancestry]
   917 | D:2      | Reached XP level 3. HP: 29/29 MP: 3/3
  1486 | D:3      | You fall into a shaft and drop 1 floor!
  1776 | D:3      | Reached XP level 4. HP: 24/37 MP: 4/4
  1787 | D:3      | Reached skill level 4 in Fighting
  2444 | D:3      | Gained mutation: You sometimes lose your temper in combat.
                  | [potion of mutation]
  2444 | D:3      | Gained mutation: You have large cloven feet. [potion of
                  | mutation]
  2449 | D:3      | Killed from afar by an orc wizard

Illustrated notes

Levels and vault maps discovered:
D:1:      dpeg_arrival_arbitrary_a, layout_loops_ring, minmay_tromino_v4_b
D:2:      layout_rooms, serial_curves, eino_curves_03, eino_curves_01,
          hangedman_decor_clover_reticule
D:3:      layout_loops_ring, minmay_vboxes
D:4:      layout_basic

Skill      XL: |  1  2  3  4 |
---------------+-------------+-----
Fighting       | 2 3 4 |  4.2
Dodging        | |  1.7
Unarmed Combat | |  2.6
Shapeshifting  | |  2.6

Action                     |  1- 3 |  4- 6 || total
---------------------------+-------+-------++-------
  Melee: Unarmed           |     7 |     3 ||    10
         Dagger            |    90 |    36 ||   126
   Fire: Sling             |    69 |     4 ||    73
Ability: Begin Untransform |     1 |       ||     1
    Use: Scroll            |     3 |     3 ||     6
         Potion            |       |     3 ||     3
   Stab: Distracted        |       |     1 ||     1
 Armour: Ring mail         |   103 |    31 ||   134
         Animal skin       |     6 |       ||     6
         Skin              |       |     4 ||     4
  Dodge: Dodged            |    73 |    17 ||    90

Table legend: (Time is in decaauts)
 A = Elapsed time spent in this place.
 B = Non-inter-level travel time spent in this place.
 C = Inter-level travel time spent in this place.
 D = Time resting spent in this place.
 E = Time spent auto-exploring this place.
 F = Levels seen in this place.
 G = Mean time per level.
                   A        B        C        D        E       F      G
               +--------+--------+--------+--------+--------+-----+--------+
         Total |   2482 |   2341 |    141 |    217 |   1578 |   4 |  620.5 |
       Dungeon |   2482 |   2341 |    141 |    217 |   1578 |   4 |  620.5 |
               +--------+--------+--------+--------+--------+-----+--------+

Top non-repeatable levels by time:
     D:1: 936 daAuts
     D:3: 918 daAuts
     D:2: 580 daAuts
     D:4: 45 daAuts
